 Dungeon Crawl Stone Soup version 0.18.1-6-gd335043 (webtiles) character file.

103 Kenran the Insei (level 4, -2/23 HPs)
             Began as a Vine Stalker Monk on May 18, 2016.
             Slain by an orc
             ... wielding a +0 flail
              (6 damage)
             ... on level 3 of the Dungeon.
             The game lasted 00:09:09 (2189 turns).

Kenran the Insei (Vine Stalker Monk)                Turns: 2189, Time: 00:09:10

Health: -2/23      AC:  6    Str: 13    XL:     4   Next: 79%
Magic:  0/5        EV: 11    Int: 10    God:
Gold:   66         SH:  0    Dex: 18    Spells: 0 memorised, 3 levels left

rFire  . . .     SeeInvis .     a - +2 dagger (venom)
rCold  . . .     Gourm    .     i - +1 ring mail
rNeg   . . .     Faith    .     (no shield)
rPois  .         Spirit   +     (no helmet)
rElec  .         Dismiss  .     (no cloak)
rCorr  .         Reflect  .     (no gloves)
SustAt .         Harm     .     (no boots)
MR     .....                    (no amulet)
Stlth  ++........               (no ring)
                                (no ring)

@: not resistant to hostile enchantments, unstealthy
A: fangs 2, regeneration 1, magic shield, antimagic bite, no device heal 3, rot
immunity
a: no special abilities


You were on level 3 of the Dungeon.
You were not hungry.

You visited 1 branch of the dungeon, and saw 3 of its levels.

You collected 66 gold pieces.

Inventory:

Hand Weapons
 a - a +2 dagger of venom (weapon)
 j - a +0 hunting sling
Missiles
 s - 4 javelins (quivered)
Armour
 i - a +1 ring mail (worn)
Jewellery
 c - an uncursed ring of stealth {unknown}
 p - a +5 ring of slaying {unknown}
 r - an uncursed amulet of rage {unknown}
Scrolls
 g - a scroll of magic mapping
Potions
 m - a potion of cure mutation {unknown}
 n - a potion of haste {unknown}
Comestibles
 b - 2 bread rations
 d - a chunk of flesh
 f - 2 fruits
 o - 2 meat rations
 q - a beef jerky


   Skills:
 + Level 2.7 Fighting
 - Level 2.4 Dodging
 - Level 2.4 Stealth
 - Level 6.0 Unarmed Combat


You had 3 spell levels left.
You didn't know any spells.

Dungeon Overview and Level Annotations

Branches:
Dungeon (3/15)

Altars:
Okawaru

Annotations:
D:3 1 runed door, Grinder


Innate Abilities, Weirdness & Mutations

You have extremely sharp teeth.
Your natural rate of healing is unusually fast.
When hurt, damage is shared between your health and your magic reserves.
Your bite disrupts and absorbs the magic of your enemies.
Potions and wands cannot restore your health.
You are immune to rotting.


Message History

The bat hits you. Grinder gestures at you.
You suddenly lose the ability to move!
The bat barely misses you. The bat hits you but does no damage.
Grinder gestures at you.
You shrug off the repeated paralysis!
The ogre hits you with a giant club!!
Ouch! That really hurt!
* * * LOW HITPOINT WARNING * * *
You can move again.
An orc comes into view. It is wielding a flail.
There is a stone staircase leading up, spattered with blood here.
The bat hits you but does no damage.
An orc comes into view. It is wielding a flail.
The bat hits you but does no damage.
The orc shouts!
You hear a shout!
The bat closely misses you. The orc completely misses you.
The orc closely misses you. The orc hits you with a flail!
You die...

#.#
#..............#....$##
#.# #..........#....
#.## #...............
#.r## #.........Z....
##..####......<...##.
##...###.........#
###.####...r.o5## ..
#...##..###Ob#
....##### ###....##
#o@# #......<##
####..## ##.#
###..##.Z.
#....o.##....#. # ##..
#....#..#...... .#.
#......o...#.#. .. .
#...###..#.#... #.. .
##### ##....#. ### .
###o.#. . .g..# #


You could see Grinder, an ogre, 2 orcs, a human zombie, a bat and a rat.

Vanquished Creatures
  A gnoll (D:2)
  4 adders
  An ooze (D:1)
  4 dart slugs
  2 giant geckos (D:2)
  6 giant cockroaches
  A goblin (D:1)
  5 hobgoblins
  3 jackals
  7 bats
  3 giant newts
  A jackal zombie (D:3)
  4 kobolds
  4 rats
46 creatures vanquished.

Notes
Turn   | Place    | Note
--------------------------------------------------------------
     0 | D:1      | Kenran the Vine Stalker Monk began the quest for the Orb.
     0 | D:1      | Reached XP level 1. HP: 11/11 MP: 2/2
   287 | D:1      | Reached XP level 2. HP: 13/16 MP: 3/3
   764 | D:1      | Reached XP level 3. HP: 19/19 MP: 4/4
   914 | D:1      | Reached skill level 5 in Unarmed Combat
  1484 | D:2      | Reached XP level 4. HP: 23/23 MP: 5/5
  1559 | D:2      | Found an iron altar of Okawaru.
  1798 | D:3      | Noticed Grinder
  1855 | D:3      | Found a runed door.
  1855 | D:3      | Noticed a human
  1887 | D:2      | Reached skill level 6 in Unarmed Combat
  2136 | D:3      | Noticed an ogre
  2183 | D:3      | Paralysed by Grinder for 3 turns
  2189 | D:3      | Slain by an orc

Skill      XL: |  1  2  3  4 |
---------------+-------------+-----
Unarmed Combat | 5 6 |  6.0
Fighting       | |  2.7
Dodging        | |  2.4
Stealth        | |  2.4

Action                   |  1- 3 |  4- 6 || total
-------------------------+-------+-------++-------
Melee: Unarmed           |    37 |       ||    37
       Bite              |    16 |    18 ||    34
       Dagger            |    44 |    50 ||    94
       Punch             |     2 |     1 ||     3
  Use: Scroll            |       |     6 ||     6
  Eat: Chunk             |     2 |     2 ||     4
Armor: Robe              |     7 |       ||     7
       Ring mail         |    21 |    49 ||    70
Dodge: Dodged            |    42 |    61 ||   103
